 Dungeon Crawl Stone Soup version 0.25-a0-577-ga4619f4 (webtiles) character file.

Game seed: 4778310585266473930, levelgen mode: deterministic

286 15 the Skirmisher (level 6, 0/48 HPs)
             Began as a Demonspawn Abyssal Knight on Mar 2, 2020.
             Was a Believer of Lugonu.
             Slain by a mummy (18 damage)
             ... in an ossuary on Mar 3, 2020.
             The game lasted 00:10:49 (4165 turns).

15 the Skirmisher (Demonspawn Abyssal Knight)       Turns: 4165, Time: 00:10:50

Health: 0/48       AC:  4    Str: 13 (14) XL:     6   Next: 8%
Magic:  8/8        EV: 12    Int: 10 (13) God:    Lugonu [**....]
Gold:   135        SH:  0    Dex: 13      Spells: 8/8 levels left

rFire    . . .     SeeInvis .   a - +1 hand axe
rCold    + . .     Gourm    .   (no shield)
rNeg     . . .     Faith    .   b - +0 leather armour
rPois    .         Spirit   .   (helmet restricted)
rElec    .         Reflect  .   (no cloak)
rCorr    .         Harm     .   (no gloves)
MR       .....                  j - +0 pair of boots
Stlth    +.........             (no amulet)
HPRegen  0.16/turn              (no ring)
MPRegen  0.11/turn              (no ring)

@: no status effects
A: horns 1, cold resistance 1, freezing cloud immunity
a: Depart the Abyss, Bend Space, Renounce Religion


You were in an ossuary.
You worshipped Lugonu.
Lugonu was pleased with you.
You were not hungry.

You visited 1 branch of the dungeon, and saw 4 of its levels.
You visited the Abyss 1 time.
You also visited: Ossuary.

You collected 135 gold pieces.

Inventory:

Hand Weapons
 a - a +1 hand axe (weapon)
 l - a +0 mace
Missiles
 d - 167 stones (quivered)
Armour
 b - a +0 leather armour (worn)
 g - a +0 ring mail
 j - a +0 pair of boots (worn)
Scrolls
 i - 2 scrolls of remove curse {unknown}
 m - a scroll of enchant weapon {unknown}
 o - a scroll of teleportation {unknown}
 p - a scroll of enchant armour {unknown}
 q - a scroll of magic mapping {unknown}
 r - a scroll of fear {unknown}
 s - a scroll of blinking {unknown}
Potions
 e - 2 potions of stabbing
 k - a potion of haste
Comestibles
 c - 10 rations


   Skills:
 + Level 4.2 Fighting
 + Level 3.1 Axes
 + Level 2.3 Armour
 + Level 1.6 Dodging
 + Level 1.1 Stealth
 * Level 1.9 Spellcasting
 * Level 3.8 Invocations


You had 8 spell levels left.
You didn't know any spells.
Your spell library was empty.

Dungeon Overview and Level Annotations

Branches:
Dungeon (4/15)            Ossuary (1/1)
 Temple: D:4-7

Altars:
Sif Muna
Vehumet

Annotations:
D:3 3 runed translucent doors, MinDuChiJDG's ghost, amateur MiBe; Umoon's ghost, amateur DsFi


Innate Abilities, Weirdness & Mutations

You have a pair of small horns on your head.
Your flesh is cold resistant. (rC+)
You are immune to freezing clouds.


Message History

The hound zombie bites you but does no damage.
There is an open door here.
You hit the hound zombie. Your headbutt misses the hound zombie.
The hound zombie is lightly damaged.
The hound zombie closely misses you. x2
You closely miss the hound zombie.
You headbutt the hound zombie, but do no damage.
The hound zombie is lightly damaged.
The hound zombie bites you but does no damage.
You hit the hound zombie.
The hound zombie is moderately damaged.
The hound zombie bites you but does no damage.
You hit the mummy but do no damage.
The mummy is severely damaged.
You hit the mummy.
The mummy is almost destroyed.
You barely miss the mummy.
The mummy is almost destroyed.
The mummy hits you!!
You die...

######## ##########
#...... ..........
#..... Z.Z.......
#.... ###### #.....
#...####.'.?# ####..
#..##Z...####. ##.
#..@MZ........+ #.
#..##....####.# ##.
#...####.+ ####..
#......########.....
#...................
#...................
#......########.....
#...####..#...####..
#..##.'...#......##.


You could see a mummy, a hound zombie and a centaur zombie.

Vanquished Creatures
  An elf zombie (Ossuary)
  A centaur zombie (Ossuary)
  A human zombie (Ossuary)
  A worker ant (D:4)
  3 mummies
  An adder (D:4)
  An ooze (D:3)
  7 adder zombies (Ossuary)
  2 orcs (D:3)
  6 bats
  A gnoll zombie (Ossuary)
  2 hobgoblins (D:3)
  4 jackals (D:3)
  4 kobolds
  3 quokkas
  4 frilled lizards
  4 goblins
  4 goblin zombies (Ossuary)
  A hobgoblin zombie (Ossuary)
  5 jackal zombies (Ossuary)
  2 kobold zombies (Ossuary)
  4 quokka zombies (Ossuary)
  6 rats
  2 rat zombies (Ossuary)
70 creatures vanquished.

Vanquished Creatures (others)
  A lurking horror (Abyss:1)
  4 withered plants (D:3)
5 creatures vanquished.

Grand Total: 75 creatures vanquished

Notes
Turn   | Place    | Note
-------+----------+-------------------------------------------
     0 | Abyss:1  | 15 the Demonspawn Abyssal Knight began the quest for the
                  | Orb.
     0 | Abyss:1  | Reached XP level 1. HP: 18/18 MP: 2/2
    49 | Abyss:1  | Noticed a fire dragon skeleton
   136 | Abyss:1  | Found a corrupted altar of Lugonu.
   148 | Abyss:1  | Noticed a large abomination
   169 | Abyss:1  | Noticed a quasit
   171 | D:1      | Escaped the Abyss
   172 | D:1      | Found a shimmering blue altar of Sif Muna.
  1064 | D:2      | Gained mutation: Your flesh is cold resistant. (rC+)
                  | [demonic ancestry]
  1064 | D:2      | Reached XP level 2. HP: 22/24 MP: 3/3
  1106 | D:2      | Reached * piety under Lugonu
  1339 | D:2      | Found a radiant altar of Vehumet.
  2013 | D:3      | Found a runed translucent gate.
  2013 | D:3      | Found a runed translucent gate.
  2013 | D:3      | Found a runed translucent gate.
  2047 | D:3      | Noticed MinDuChiJDG's ghost (amateur MiBe)
  2048 | D:3      | Noticed Umoon's ghost (amateur DsFi)
  2082 | D:3      | Gained mutation: You have a pair of small horns on your
                  | head. [demonic ancestry]
  2082 | D:3      | Reached XP level 3. HP: 26/29 MP: 5/5
  2383 | D:3      | Reached skill level 1 in Dodging
  2987 | D:4      | Reached skill level 1 in Spellcasting
  2987 | D:4      | Gained mutation: You are immune to freezing clouds.
                  | [demonic ancestry]
  2987 | D:4      | Reached XP level 4. HP: 2/35 MP: 6/6
  2987 | D:4      | HP: 1/35 [poisoned by a worker ant]
  3136 | D:4      | Found a sand-covered staircase.
  3143 | D:4      | Reached skill level 1 in Stealth
  3147 | Ossuary  | Entered an ossuary
  3686 | Ossuary  | Reached XP level 5. HP: 36/42 MP: 7/7
  3701 | Ossuary  | Reached skill level 4 in Fighting
  3780 | Ossuary  | HP: 2/42 [centaur zombie (3)]
  3787 | Ossuary  | Reached XP level 6. HP: 7/48 MP: 8/8
  3789 | Ossuary  | Reached ** piety under Lugonu
  4165 | Ossuary  | Slain by a mummy

Levels and vault maps discovered:
D:1:      sevenhm_arrival_forest_fort_small_6, layout_basic
D:2:      layout_basic, lemuel_coloured_pillars_altar, grunt_decor_one_mirror,
          serial_bayou_pond_d
D:3:      layout_basic, first_ration, gammafunk_ghost_cemetery
D:4:      layout_basic, minmay_temple_entry_overgrown, gup_ossuary_entry_pyramid
Ossuary:  minmay_ossuary_two_tombs

Skill      XL: |  1  2  3  4  5 |
---------------+----------------+-----
Axes           | 2 3 |  3.1
Armour         | 2 |  2.3
Dodging        | 1 |  1.6
Invocations    | 3 |  3.8
Spellcasting   | 1 |  1.9
Stealth        | 1 |  1.1
Fighting       | 4 |  4.2

Action                   |  1- 3 |  4- 6 || total
-------------------------+-------+-------++-------
Melee: Hand axe          |   134 |   164 ||   298
       Headbutt          |     4 |    36 ||    40
Invok: Depart the Abyss  |     1 |       ||     1
  Use: Scroll            |     3 |       ||     3
       Potion            |     2 |     9 ||    11
 Stab: Invisible         |     4 |       ||     4
       Sleeping          |     1 |       ||     1
  Eat: Chunk             |     6 |     1 ||     7
       Ration            |       |     1 ||     1
Armor: Leather armour    |    41 |    49 ||    90
Dodge: Dodged            |    92 |   107 ||   199

Table legend:
 A = Non-vault XP
 B = Vault XP
 C = Vault XP percentage of total XP
 D = Non-vault monster count
 E = Vault monster count
 F = Vault count percentage of total count
                 A         B        C        D         E       F
            +---------+---------+-------+---------+---------+-------
      Total |     110 |     299 |  73.1 |      38 |      32 |  45.7
            +---------+---------+-------+---------+---------+-------
        D:1 |      11 |       0 |   0.0 |       8 |       0 |   0.0
        D:2 |      17 |       0 |   0.0 |      12 |       0 |   0.0
        D:3 |      34 |       0 |   0.0 |      15 |       0 |   0.0
        D:4 |      48 |      18 |  27.3 |       3 |       1 |  25.0
    Ossuary |       0 |     281 | 100.0 |       0 |      31 | 100.0
            +---------+---------+-------+---------+---------+-------
